 Dungeon Crawl Stone Soup version 0.29-a0-1023-g6ae1a4a2c7 (webtiles) character file.

Game seed: 5851567802383747968

248 Destapler the Cudgeller (level 5, -2/53 HPs)
             Began as a Troll Berserker on Aug 11, 2022.
             Was a Believer of Trog.
             Slain by fly's ghost (8 damage)
             ... on level 3 of the Dungeon.
             The game lasted 00:03:37 (924 turns).

Destapler the Cudgeller (Troll Berserker)            Turns: 924, Time: 00:03:38

Health: -2/53      AC:  4    Str: 27    XL:     5   Next: 86%
Magic:  4/4        EV:  8    Int:  3    God:    Trog [**....]
Gold:   63         SH:  7    Dex:  9    Spells: 4/4 levels left

rFire   . . .      SeeInvis .   a - +0 mace
rCold   . . .      Faith    .   f - +0 kite shield
rNeg    . . .      Spirit   .   b - +0 animal skin
rPois   +          Reflect  .   (helmet restricted)
rElec   .          Harm     .   (no cloak)
rCorr   .          Rampage  .   (gloves unavailable)
Will    .....                   (boots unavailable)
Stlth   +.........              (no amulet)
HPRegen 0.97/turn               c - ring of poison resistance
MPRegen 0.09/turn               (no ring)

@: on berserk cooldown, flying, slowed, very slow
A: large, unfitting armour, claws 3, regeneration 1, shaggy fur 1, tough skin 1
a: Renounce Religion, Berserk, Trog's Hand


You were on level 3 of the Dungeon.
You worshipped Trog.
Trog was pleased with you.
You visited 1 branch of the dungeon, and saw 4 of its levels.

You collected 63 gold pieces.

Inventory:

Hand Weapons
 a - a +0 mace (weapon)
Missiles
 h - 18 stones (quivered)
 i - 10 poisoned darts
 j - 3 atropa-tipped darts
Armour
 b - a +0 animal skin (worn)
 f - a +0 kite shield (worn)
Jewellery
 c - a ring of poison resistance (left claw)
Scrolls
 e - 2 scrolls of teleportation {unknown}
 g - a scroll of enchant armour {unknown}
 k - a scroll of fear {unknown}
 l - a scroll of identify {unknown}


   Skills:
 + Level 3.0 Fighting
 + Level 3.4 Maces & Flails
 + Level 1.7 Throwing
 + Level 1.5 Armour
 + Level 3.0 Dodging
 * Level 2.6 Shields


You had 4 spell levels left.
You didn't know any spells.
Your spell library was empty.

Dungeon Overview and Level Annotations

Branches:
Dungeon (4/15)
 Temple: D:4-7

Altars:
Yredelemnul

Annotations:
D:2 1 runed translucent door, Crazy Yiuf
D:3 fly's ghost, amateur DgDe


Innate Abilities, Weirdness & Mutations

You are too large for most types of armour.
You have claws for hands.
Your natural rate of healing is unusually fast.
You are covered in fur. (AC +1)
You have tough skin. (AC +1)


Message History

Fly's ghost is heavily damaged.
Fly's ghost barely misses you. Fly's ghost hits you.
You completely miss fly's ghost.
Fly's ghost is heavily damaged.
Fly's ghost closely misses you. Fly's ghost hits you!
You barely miss fly's ghost.
Fly's ghost is heavily damaged.
You block fly's ghost's attack. Fly's ghost hits you.
You hit fly's ghost but do no damage.
Fly's ghost is heavily damaged.
You block fly's ghost's attack. Fly's ghost hits you.
Fly's ghost whispers, "Be very very quiet, I'm hunting Trolls."
Fly's ghost hits you.
You sock fly's ghost!
Fly's ghost is severely damaged.
Fly's ghost barely misses you. You block fly's ghost's attack.
You closely miss fly's ghost.
Fly's ghost is severely damaged.
Fly's ghost hits you.
* * * LOW HITPOINT WARNING * * *
You block fly's ghost's attack.
You barely miss fly's ghost.
Fly's ghost is severely damaged.
Fly's ghost hits you!
* * * LOW HITPOINT WARNING * * *
Fly's ghost hits you!
* * * LOW HITPOINT WARNING * * *
It was a potion of flight.
You feel very buoyant.
You fly up into the air.
Fly's ghost closely misses you.
You closely miss fly's ghost.
Fly's ghost is severely damaged.
Fly's ghost hits you but does no damage.
You block fly's ghost's attack.
You barely miss fly's ghost.
Fly's ghost is severely damaged.
Fly's ghost hits you.
* * * LOW HITPOINT WARNING * * *
Fly's ghost hits you!
You die...

#.##########....# #.##
#........##.....#### #.##
#..................###.##
#........####.#.#........
#...##'### ###.##.###.##
## #.#### #.######.#
#....### #........#
####.#.############
#)W@....# #[.'.._.#
#$.'....# ####.#.##
#....### #.#### #+


You could see fly's ghost.

Vanquished Creatures
  Sigmund (D:2)
  A scorpion zombie (D:3)
  A hound zombie (D:3)
  An adder (D:3)
  4 orcs (D:3)
  A bat (D:1)
  3 endoplasms
  4 goblins
  2 hobgoblins
  4 jackals (D:1)
  A kobold (D:1)
  4 quokkas
  A ball python (D:1)
  A frilled lizard (D:1)
  A rat (D:1)
30 creatures vanquished.

Notes
Turn   | Place    | Note
-------+----------+-------------------------------------------
     0 | D:1      | Destapler the Troll Berserker began the quest for the Orb.
     0 | D:1      | Reached XP level 1. HP: 22/22 MP: 0/0
   136 | D:1      | Reached XP level 2. HP: 29/29 MP: 1/1
   526 | D:2      | Reached ** piety under Trog
   542 | D:2      | Found a runed translucent door.
   543 | D:2      | Noticed Crazy Yiuf
   576 | D:2      | Noticed Sigmund
   586 | D:2      | Killed Sigmund
   587 | D:2      | Reached skill level 1 in Throwing
   587 | D:2      | Reached skill level 1 in Armour
   587 | D:2      | Reached XP level 3. HP: 36/36 MP: 2/2
   587 | D:2      | Reached XP level 4. HP: 44/44 MP: 3/3
   587 | D:2      | Reached XP level 5. HP: 52/52 MP: 4/4
   678 | D:2      | You fall into a shaft and drop 2 floors!
   882 | D:3      | Found a runed translucent gate.
   882 | D:3      | Found a runed translucent gate.
   882 | D:3      | Found a runed translucent gate.
   882 | D:3      | Noticed fly's ghost (amateur DgDe)
   884 | D:3      | Found a basalt altar of Yredelemnul.
   924 | D:3      | Slain by fly's ghost

Illustrated notes

Levels and vault maps discovered:
D:1:      amcnicky_arrival_feature_with_door, layout_rooms
D:2:      minmay_door_path, layout_loops_ring,
          hellmonk_ecumenical_altar_lost_god, minmay_misc_feat_doors,
          uniq_crazy_yiuf_cottage, uniq_sigmund, uniq_natasha
D:3:      layout_loops_corners, nicolae_yredelemnul_ghost_church, uniq_robin
D:4:      layout_basic, mainiacjoe_overflow_24_doors, minitemple,
          grunt_qazlal_sundering

Skill      XL: |  1  2  3  4  5 |
---------------+----------------+-----
Maces & Flails | 3 |  3.4
Throwing       | 1 |  1.7
Armour         | 1 |  1.5
Shields        | 2 |  2.6
Fighting       | 3 |  3.0
Dodging        | 3 |  3.0

Action                   |  1- 3 |  4- 6 || total
-------------------------+-------+-------++-------
Melee: Mace              |    58 |    64 ||   122
Invok: Berserk           |     2 |     1 ||     3
  Use: Potion            |       |     1 ||     1
Armor: Animal skin       |    35 |     9 ||    44
Dodge: Dodged            |    38 |    18 ||    56
Block: Kite shield       |    13 |    27 ||    40

Table legend: (Time is in decaauts)
 A = Elapsed time spent in this place.
 B = Non-inter-level travel time spent in this place.
 C = Inter-level travel time spent in this place.
 D = Time resting spent in this place.
 E = Time spent auto-exploring this place.
 F = Levels seen in this place.
 G = Mean time per level.
                   A        B        C        D        E       F      G
               +--------+--------+--------+--------+--------+-----+--------+
         Total |    987 |    894 |     93 |     43 |    566 |   4 |  246.8 |
       Dungeon |    987 |    894 |     93 |     43 |    566 |   4 |  246.8 |
               +--------+--------+--------+--------+--------+-----+--------+

Top non-repeatable levels by time:
     D:1: 548 daAuts
     D:3: 246 daAuts
     D:2: 170 daAuts
     D:4: 22 daAuts
